 Dungeon Crawl Stone Soup version 0.31-a0-705-ga145531891 (webtiles) character file.

Game seed: 7287102346662757367

239 pokeman the Magician (level 5, -1/29 HPs)
             Began as a Deep Elf Hedge Wizard on Sept 9, 2023.
             Killed by divine providence
             ... invoked by an orc priest
              (13 damage)
             ... on level 4 of the Dungeon.
             The game lasted 00:07:48 (4189 turns).

pokeman the Magician (Deep Elf Hedge Wizard)        Turns: 4189, Time: 00:07:48

Health: -1/29      AC:  5    Str:  7    XL:     5   Next: 79%
Magic:  11/16      EV: 13    Int: 21    God:
Gold:   205        SH:  0    Dex: 14    Spells: 9/17 levels left

rFire   . . .        a - +0 dagger
rCold   . . .        (no shield)
rNeg    . . .        b - +0 robe
rPois   .            c - +0 hat
rElec   .            s - +2 cloak
rCorr   .            (no gloves)
SInv    .            (no boots)
Will    .....        (no amulet)
Stlth   ++           (no ring)
HPRegen 0.24/turn    (no ring)
MPRegen 0.15/turn

%: no passive effects
@: no status effects
A: no striking features
a: no special abilities


You were on level 4 of the Dungeon.
You visited 1 branch of the dungeon, and saw 4 of its levels.

You collected 205 gold pieces.

Inventory:

Hand Weapons
 a - a +0 dagger (weapon)
Missiles
 o - a throwing net
Armour
 b - a +0 robe (worn)
 c - a +0 hat (worn)
 r - a +0 buckler
 s - a +2 cloak (worn)
Wands
 t - a wand of flame (10)
 v - a wand of roots (4)
Scrolls
 e - a scroll of revelation {unknown}
 f - a scroll of brand weapon {unknown}
 g - a scroll of amnesia {unknown}
 h - 3 scrolls of noise {unknown}
 i - 2 scrolls of immolation {unknown}
 j - a scroll of silence {unknown}
 l - a scroll of fear {unknown}
 m - a scroll of teleportation {unknown}
 q - a scroll of identify {unknown}
Potions
 d - a potion of magic
 k - a potion of ambrosia {unknown}
 n - 2 potions of might {unknown}
 p - 2 potions of curing {unknown}
 u - a potion of brilliance {unknown}


   Skills:
 - Level 1.0 Fighting
 - Level 1.1 Armour
 - Level 3.0 Dodging
 - Level 3.1 Stealth
 * Level 6.6 Spellcasting
 + Level 2.8 Conjurations
 - Level 1.1 Summonings
 - Level 1.1 Translocations
 + Level 0.8 Air Magic
 - Level 1.1 Poison Magic
 + Level 0.0 Evocations


You had 9 spell levels left.
You knew the following spells:

 Your Spells              Type           Power      Damage    Failure   Level
a - Magic Dart            Conj           76%        1d6       2%          1
b - Mephitic Cloud        Conj/Pois/Air  13%        N/A       14%         3
c - Call Imp              Summ           22%        N/A       9%          2
d - Blink                 Tloc           22%        N/A       9%          2

Your spell library contained the following spells:

 Spells                   Type           Power      Damage    Failure   Level
 Slow                     Hex            24%        N/A       10%         1
 Cigotuvi's Dreadful Rot  Necr/Pois/Air  18%        N/A       11%         2
 Dazzling Flash           Conj/Hex       24%        N/A       16%         3
 Silence                  Hex/Air        4%         N/A       91%         5
 Agony                    Necr           6%         N/A       95%         5


Dungeon Overview and Level Annotations

Branches:
Dungeon (4/15)
 Temple: D:4-7

Altars:


Message History

The orc barely misses you.
You swap places.
Your cerulean imp hits the orc but does no damage.
The orc barely misses your cerulean imp.
Your cerulean imp barely misses the orc.
The orc closely misses your cerulean imp.
Your cerulean imp hits the orc but does no damage.
The orc priest calls upon Beogh to heal the orc.
The orc's wounds heal themselves!
The orc throws a stone.
The stone barely misses you.
Your cerulean imp hits the orc but does no damage.
The orc throws a stone.
The stone closely misses your cerulean imp.
The stone hits you.
Your cerulean imp hits the orc but does no damage.
The orc throws a stone.
The stone barely misses your cerulean imp.
The stone hits you but does no damage.
Your cerulean imp hits the orc but does no damage.
The orc throws a stone.
The stone hits your cerulean imp but does no damage.
Your cerulean imp closely misses the orc.
The orc barely misses your cerulean imp.
Your cerulean imp hits the orc with a -3 spear.
The orc throws a stone.
The stone hits your cerulean imp.
Your cerulean imp hits the orc with a -3 spear.
The orc throws a stone.
The stone closely misses your cerulean imp.
The stone barely misses you.
Your cerulean imp hits the orc but does no damage.
The orc hits your cerulean imp with a +0 short sword.
Your cerulean imp hits the orc but does no damage.
The orc misses your cerulean imp.
Your cerulean imp closely misses the orc.
Your cerulean imp barely misses the orc.
The orc hits your cerulean imp but does no damage.
Your cerulean imp hits the orc with a -3 spear.
The orc priest invokes the aid of Beogh against you.
Beogh smites you!
You die...

.........##........†#
..........#.##.#..#o#
.........)..#..#.##o#
!.........#.#<##.#5.#
..^.......#.#.##.#.##
.........<#...#..#o#
.........##..##..5o#
........###..#..####
######### #.@...#
#......## #.....##
#...### ...... ####.#
.. ###


You could see an orc priest, an orc (distracted, ally target) and a friendly
cerulean imp (summoned).

Vanquished Creatures
  A scorpion (D:3)
  Jessica (D:2)
  Terence (D:2)
  2 gnolls (D:2)
  2 adders (D:2)
  2 worms (D:2)
  A dart slug (D:1)
  7 bats
  5 endoplasms
  6 giant cockroaches
  5 goblins
  5 hobgoblins
  3 jackals (D:1)
  8 kobolds
  3 quokkas
  8 ball pythons
  5 frilled lizards
  9 rats
74 creatures vanquished.

Vanquished Creatures (collateral kills)
  A gnoll (D:2)
  A hobgoblin (D:2)
2 creatures vanquished.

Grand Total: 76 creatures vanquished

Notes
Turn   | Place    | Note
-------+----------+-------------------------------------------
     0 | D:1      | pokeman the Deep Elf Hedge Wizard began the quest for the
                  | Orb.
     0 | D:1      | Reached XP level 1. HP: 10/10 MP: 7/7
   277 | D:1      | Reached XP level 2. HP: 15/15 MP: 2/9
   734 | D:1      | Reached skill level 5 in Spellcasting
  1101 | D:1      | Reached XP level 3. HP: 20/20 MP: 8/11
  1108 | D:1      | Learned a level 3 spell: Mephitic Cloud
  1111 | D:1      | Learned a level 2 spell: Call Imp
  1114 | D:1      | Learned a level 2 spell: Blink
  1667 | D:2      | Reached skill level 1 in Fighting
  1690 | D:2      | Noticed Jessica
  1704 | D:2      | Killed Jessica
  1705 | D:2      | Reached skill level 1 in Armour
  1705 | D:2      | Reached XP level 4. HP: 21/25 MP: 0/13
  1887 | D:2      | Found a faded altar of an unknown god.
  2169 | D:2      | Noticed Terence
  2646 | D:2      | Reached skill level 6 in Spellcasting
  2651 | D:2      | Reached XP level 5. HP: 19/29 MP: 1/15
  3017 | D:2      | Killed Terence
  3744 | D:3      | Reached skill level 1 in Poison Magic
  4189 | D:4      | Killed from afar by an orc priest

Illustrated notes

Levels and vault maps discovered:
D:1:      lightli_arrival_farm, layout_basic
D:2:      layout_basic, ebering_ecumenical_altar_hall, uniq_jessica,
          uniq_terence
D:3:      layout_loops_ring, st_stairs_4
D:4:      layout_rooms

Skill      XL: |  1  2  3  4  5 |
---------------+----------------+-----
Spellcasting   | 5 6 |  6.6
Fighting       | 1 |  1.0
Armour         | 1 |  1.1
Conjurations   | 2 |  2.8
Dodging        | 3 |  3.0
Stealth        | 3 |  3.1
Poison Magic   | 1 |  1.1
Summonings     | |  1.1
Translocations | |  1.1
Air Magic      | |  0.8

Action                     |  1- 3 |  4- 6 || total
---------------------------+-------+-------++-------
  Melee: Dagger            |    24 |    36 ||    60
   Cast: Magic Dart        |    85 |    89 ||   174
         Mephitic Cloud    |     1 |     6 ||     7
         Call Imp          |       |     6 ||     6
         Blink             |       |     1 ||     1
   Stab: Confused          |     2 |     2 ||     4
 Armour: Robe              |    16 |    24 ||    40
  Dodge: Dodged            |    26 |    31 ||    57

Table legend: (Time is in decaauts)
 A = Elapsed time spent in this place.
 B = Non-inter-level travel time spent in this place.
 C = Inter-level travel time spent in this place.
 D = Time resting spent in this place.
 E = Time spent auto-exploring this place.
 F = Levels seen in this place.
 G = Mean time per level.
                   A        B        C        D        E       F      G
               +--------+--------+--------+--------+--------+-----+--------+
         Total |   4209 |   4073 |    136 |      0 |   3530 |   4 | 1052.2 |
       Dungeon |   4209 |   4073 |    136 |      0 |   3530 |   4 | 1052.2 |
               +--------+--------+--------+--------+--------+-----+--------+

Top non-repeatable levels by time:
     D:2: 1667 daAuts
     D:1: 1471 daAuts
     D:3: 987 daAuts
     D:4: 83 daAuts
